 Dungeon Crawl Stone Soup version 0.28-a0-1616-g050a50673c (webtiles) character file.

Game seed: 15329816839231220698

23 tatocazan the Sneak (level 2, 0/15 HPs)
             Began as a Spriggan Brigand on Jan 22, 2022.
             Succumbed to an adder's poison
             ... on level 2 of the Dungeon.
             The game lasted 00:01:18 (1101 turns).

tatocazan the Sneak (Spriggan Brigand)              Turns: 1101, Time: 00:01:19

Health: 0/15       AC:  5    Str:  9    XL:     2   Next: 72%
Magic:  2/2        EV: 17    Int: 12    God:
Gold:   58         SH:  0    Dex: 16    Spells: 1/1 levels left

rFire   . . .      SeeInvis +   a - +2 dagger
rCold   . . .      Faith    .   (no shield)
rNeg    . . .      Spirit   .   b - +0 robe
rPois   .          Reflect  .   (helmet restricted)
rElec   .          Harm     .   c - +0 cloak
rCorr   .          Rampage  .   (gloves unavailable)
Will    .....                   (boots unavailable)
Stlth   +++.......              (no amulet)
HPRegen 0.05/turn               (no ring)
MPRegen 0.08/turn               (no ring)

@: lethally poisoned (0 -> -1), very quick
A: very small, no large weapons, unfitting armour, see invisible, speed 3,
iridescent scales 1, low mp 1, strong 1
a: no special abilities


You were on level 2 of the Dungeon.
You visited 1 branch of the dungeon, and saw 2 of its levels.

You collected 58 gold pieces.

Inventory:

Hand Weapons
 a - a +2 dagger (weapon)
 j - a +3 whip of electrocution
Missiles
 d - 8 poisoned darts (quivered)
 e - 2 curare-tipped darts
Armour
 b - a +0 robe (worn)
 c - a +0 cloak (worn)
Scrolls
 f - 2 scrolls of identify {unknown}
 h - a scroll of teleportation {unknown}
 i - a scroll of fog {unknown}
 k - 2 scrolls of fear {unknown}


   Skills:
 + Level 1.8 Fighting
 + Level 2.5 Short Blades
 + Level 2.3 Throwing
 + Level 2.0 Dodging
 + Level 6.1 Stealth


You had one spell level left.
You didn't know any spells.
Your spell library contained the following spells:

 Spells                   Type           Power      Damage    Failure   Level
 Corpse Rot               Necr/Air       0%         N/A       45%         2
 Poisonous Vapours        Pois/Air       0%         N/A       45%         2


Dungeon Overview and Level Annotations

Branches:
Dungeon (2/15)

Altars:


Innate Abilities, Weirdness & Mutations

You are very small and have problems with some larger weapons.
You are too small for most types of armour.
You have supernaturally acute eyesight. (SInv)
You cover ground extremely quickly. (Speed+++)
You are partially covered in iridescent scales. (AC +2)
Your magical capacity is low. (-10% MP)
Your muscles are strong. (Str +2)


Message History

The adder is severely wounded.
You feel sick. The adder bites you but does no damage.
The goblin barely misses you.
You take 2 damage, and have 10/15 hp.
You hit the adder.
The adder is almost dead.
You feel sick. The adder misses you. The goblin hits you with a +0 club.
You take 3 damage, and have 7/15 hp.
You are too injured to fight recklessly!
You are too injured to fight recklessly!
You are too injured to fight recklessly!
You are too injured to fight recklessly!
You are too injured to fight recklessly!
You are too injured to fight recklessly!
You are too injured to fight recklessly!
You are too injured to fight recklessly!
You are too injured to fight recklessly!
You are too injured to fight recklessly!
You are too injured to fight recklessly!
You are too injured to fight recklessly!
You are too injured to fight recklessly!
You are too injured to fight recklessly!
You are too injured to fight recklessly!
You are too injured to fight recklessly!
You barely miss the adder.
The adder is almost dead.
You feel sick. The adder closely misses you.
You take 1 damage, and have 6/15 hp.
You hit the adder but do no damage.
The adder is almost dead.
You feel sick. The adder closely misses you. The goblin misses you.
You take 1 damage, and have 5/15 hp.
It was a potion of mutation.
You feel extremely strange.
You feel stronger.
You feel less energetic.
Iridescent scales grow over part of your body.
You feel sick. The adder completely misses you. The goblin barely misses you.
The adder bites you.
* * * LOW HITPOINT WARNING * * *
You take 4 damage, and have 1/15 hp.
MASSIVE DAMAGE!!
You now have 2/2 mp.
You die...

#...............
#...............
#...............
####...............
#..................
#...#####..........
#...# #..........
#...# #..........
#.@.# ............
#...# #.#..........
#.g.# #.###........
#.S.# #.#######
#...... #. #....###
#.##.. #. .## #. .#


You could see an adder and a goblin.

Vanquished Creatures
  A dart slug (D:1)
  An endoplasm (D:1)
  3 giant cockroaches
  A goblin (D:1)
  2 jackals (D:1)
  2 kobolds (D:1)
  2 ball pythons (D:1)
  6 bats (D:1)
  A frilled lizard (D:1)
  2 rats
21 creatures vanquished.

Notes
Turn   | Place    | Note
-------+----------+-------------------------------------------
     0 | D:1      | tatocazan the Spriggan Brigand began the quest for the Orb.
     0 | D:1      | Reached XP level 1. HP: 10/10 MP: 2/2
   247 | D:1      | Reached skill level 6 in Stealth
   250 | D:1      | Reached XP level 2. HP: 15/15 MP: 3/3
   416 | D:1      | Noticed a great orb of eyes
   471 | D:1      | Found a faded altar of an unknown god.
   474 | D:1      | Noticed a shining eye
   474 | D:1      | Noticed a shining eye
   474 | D:1      | Noticed an eye of devastation
  1099 | D:2      | Gained mutation: Your muscles are strong. (Str +2) [potion
                  | of mutation]
  1099 | D:2      | Gained mutation: Your magical capacity is low. (-10% MP)
                  | [potion of mutation]
  1099 | D:2      | Gained mutation: You are partially covered in iridescent
                  | scales. (AC +2) [potion of mutation]
  1101 | D:2      | Succumbed to an adder's poison

Illustrated notes

Levels and vault maps discovered:
D:1:      nicolae_arrival_memento_mori, layout_loops_ring,
          hellmonk_ecumenical_altar_watching_god
D:2:      layout_basic, basic_altar, uniq_terence

Skill      XL: |  1  2 |
---------------+-------+-----
Stealth        | 6 |  6.1
Dodging        | 2 |  2.0
Fighting       | |  1.8
Short Blades   | |  2.5
Throwing       | |  2.3

Action                   || total
-------------------------++-------
Melee: Dagger            ||    65
       Punch             ||     2
  Use: Potion            ||     1
 Stab: Sleeping          ||     7
Armor: Robe              ||    13
Dodge: Dodged            ||    50

Table legend: (Time is in decaauts)
 A = Elapsed time spent in this place.
 B = Non-inter-level travel time spent in this place.
 C = Inter-level travel time spent in this place.
 D = Time resting spent in this place.
 E = Time spent auto-exploring this place.
 F = Levels seen in this place.
 G = Mean time per level.
                   A        B        C        D        E       F      G
               +--------+--------+--------+--------+--------+-----+--------+
         Total |    826 |    814 |     12 |    279 |    405 |   2 |  413.0 |
       Dungeon |    826 |    814 |     12 |    279 |    405 |   2 |  413.0 |
               +--------+--------+--------+--------+--------+-----+--------+

Top non-repeatable levels by time:
     D:1: 787 daAuts
     D:2: 38 daAuts
